 Dungeon Crawl Stone Soup version 0.30-a0-959-g3818848631 (webtiles) character file.

Game seed: 5539872064691940749

422 Ijustatesigmund the Conjurer (level 6, -3/32 HPs)
             Began as a Deep Elf Conjurer on Mar 30, 2023.
             Killed by miscasting Iskenderun's Mystic Blast (6 damage)
             ... on level 5 of the Dungeon.
             The game lasted 00:07:39 (4322 turns).

Ijustatesigmund the Conjurer (Deep Elf Conjurer)    Turns: 4322, Time: 00:07:40

Health: -3/32      AC:  4    Str: 10    XL:     6   Next: 63%
Magic:  7/15       EV: 12    Int: 25    God:
Gold:   120        SH:  0    Dex: 13    Spells: 3/14 levels left

rFire   . . .      SeeInvis .    o - +2 hand axe (vamp)
rCold   . . .      Faith    .    (no shield)
rNeg    . . .      Spirit   .    a - +0 robe
rPois   .          Reflect  .    h - +0 helmet
rElec   .          Rampage  .    (no cloak)
rCorr   .                        (no gloves)
Will    .....                    g - +0 pair of boots
Stlth   ++                       (no amulet)
HPRegen 0.25/turn                j - +6 ring of strength
MPRegen 0.14/turn                (no ring)

@: very slightly contaminated
A: no striking features
a: no special abilities


You were on level 5 of the Dungeon.
You visited 1 branch of the dungeon, and saw 5 of its levels.

You collected 120 gold pieces.

Inventory:

Hand Weapons
 c - a +0 short sword
 o - a +2 vampiric hand axe (weapon)
Armour
 a - a +0 robe (worn)
 g - a +0 pair of boots (worn)
 h - a +0 helmet (worn)
Jewellery
 j - a +6 ring of strength (left hand)
Wands
 b - a wand of paralysis (1)
Scrolls
 d - a scroll of vulnerability {unknown}
 f - 2 scrolls of teleportation {unknown}
 i - a scroll of identify
 l - a scroll of fear {unknown}
 n - 2 scrolls of noise {unknown}
 p - a scroll of amnesia {unknown}
 q - 2 scrolls of poison
Potions
 e - a potion of brilliance
 k - a potion of lignification
 m - a potion of curing
 r - 2 potions of attraction


   Skills:
 - Level 2.4 Dodging
 - Level 2.4 Stealth
 - Level 4.6 Spellcasting
 - Level 5.3 Conjurations
 + Level 3.3 Necromancy
 + Level 5.0 Translocations


You had 3 spell levels left.
You knew the following spells:

 Your Spells              Type           Power      Damage    Failure   Level
a - Magic Dart            Conj           100%       1d8       1%          1
b - Searing Ray           Conj           64%        2d6       1%          2
c - Iskenderun's Mystic   Conj/Tloc      31%        2d8       10%         4
d - Dispel Undead         Necr           22%        3d12      22%         4

Your spell library contained the following spells:

 Spells                   Type           Power      Damage    Failure   Level
 Kiss of Death            Conj/Necr      100%       2d13      1%          1
 Necrotise                Necr           88%        1d8       2%          1
 Vampiric Draining        Necr           22%        2d7       6%          3
 Freeze                   Ice            20%        1d4       9%          1
 Dazzling Flash           Conj/Hex       38%        N/A       9%          3
 Hailstorm                Conj/Ice       19%        3d6       9%          3
 Ensorcelled Hibernation  Hex/Ice        10%        N/A       13%         2
 Confusing Touch          Hex            5%         N/A       26%         3
 Frozen Ramparts          Ice            10%        1d2       26%         3
 Spider Form              Tmut/Pois      5%         N/A       26%         3
 Fulminant Prism          Conj/Hex       9%         3d6       28%         4
 Anguish                  Hex/Necr       7%         N/A       38%         4
 Agony                    Necr           22%        N/A       52%         5


Dungeon Overview and Level Annotations

Branches:
Dungeon (5/15)             Temple (0/1) D:5

Altars:
Dithmenos
Makhleb
Nemelex Xobeh
Sif Muna

Annotations:
D:4 Pargi
D:5 Grinder


Message History

The adder hisses angrily.
Grinder zaps a wand.
The bolt of light hits you!
Aiming: Paralyse
Press: ? - help, Shift-Dir - straight line, f/p - Grinder
Aim: Grinder, carrying a wand of light (9) (chance to affect: 49%) Grinder suddenly stops moving!
The adder misses you.
Casting: Magic Dart (safe; 1% risk of failure)
Confirm with . or Enter, or press ? or * to list all spells.
The spell is quite dangerous to miscast (10% risk of failure)!
Continue anyway? [Y]es or [N]o only, please.
The spell is quite dangerous to miscast (10% risk of failure)!
Continue anyway?
You erupt in a blast of force!
The mystic blast hits Grinder!
Grinder is lightly wounded.
Grinder is knocked back by the mystic blast.
The mystic blast hits the adder.
The adder is heavily wounded.
The adder is knocked back by the mystic blast.
Found a scroll labelled PAUTUN YMYU.
The helpless Grinder fails to defend herself.
You hit Grinder but do no damage.
Grinder is lightly wounded.
The helpless Grinder fails to defend herself.
You hit Grinder but do no damage.
Grinder is lightly wounded.
You closely miss the adder.
Grinder is no longer paralysed.
The adder bites you but does no damage.
Grinder zaps a wand.
The bolt of light hits you!!
Ouch! That really hurt!
* * * LOW HITPOINT WARNING * * *
The adder bites you but does no damage.
Casting: Iskenderun's Mystic Blast (quite dangerous; 10% risk of failure)
Confirm with . or Enter, or press ? or * to list all spells.
The spell is quite dangerous to miscast (10% risk of failure)!
Continue anyway? [Y]es or [N]o only, please.
The spell is quite dangerous to miscast (10% risk of failure)!
Continue anyway?
You miscast Iskenderun's Mystic Blast.
You are very lightly contaminated with residual magic.
Energy rips through your body.
You die...

......#.#...#....# #
.........#.#.#.......#
....###.#.#.#.#..#.....
.....#...#.>.#...##....
........#.#.#.#..# ...
.........#.#.#..##
..........#.#...#
?.....5.........#
#......@.......####
#...##.S..#.......# .
.#......#..#........
..........#.#####.##..
.....##...........#
....###..!....#.....
.... #.......# ..## ...
#........# .#
#.......## #


You could see Grinder and an adder.

Vanquished Creatures
  Eustachio (D:5)
  A phantom (D:4)
  A jelly (D:5)
  A hound (D:4)
  An iguana (D:5)
  3 gnolls (D:5)
  4 adders
  2 worms
  2 dart slugs (D:1)
  3 bats
  6 endoplasms
  A giant cockroach (D:3)
  4 goblins
  9 hobgoblins
  6 kobolds
  4 ball pythons
  2 frilled lizards
  10 rats
61 creatures vanquished.

Notes
Turn   | Place    | Note
-------+----------+-------------------------------------------
     0 | D:1      | Ijustatesigmund the Deep Elf Conjurer began the quest for
                  | the Orb.
     0 | D:1      | Reached XP level 1. HP: 10/10 MP: 6/6
     0 | D:1      | Noticed a formicid
     0 | D:1      | Noticed a felid
     1 | D:1      | Noticed a merfolk
     2 | D:1      | Noticed a spriggan
     2 | D:1      | Noticed an octopode
     4 | D:1      | Noticed a gargoyle
     4 | D:1      | Noticed a draconian
     7 | D:1      | Noticed a vampire
     8 | D:1      | Noticed a minotaur
    11 | D:1      | Noticed a human
    13 | D:1      | Noticed a human
    15 | D:1      | Noticed a demonspawn
    15 | D:1      | Noticed a human
    15 | D:1      | Noticed a spriggan
    17 | D:1      | Noticed an elf
    17 | D:1      | Noticed a demigod
    17 | D:1      | Noticed a vine stalker
    19 | D:1      | Noticed a troll
    21 | D:1      | Noticed an ogre
   382 | D:1      | Reached XP level 2. HP: 15/15 MP: 1/8
   451 | D:1      | Learned a level 2 spell: Searing Ray
   692 | D:1      | Found a faded altar of an unknown god.
  1178 | D:2      | Reached skill level 5 in Conjurations
  1178 | D:2      | Reached XP level 3. HP: 19/19 MP: 7/10
  1453 | D:2      | Found a sparkling altar of Nemelex Xobeh.
  2302 | D:3      | Reached XP level 4. HP: 24/24 MP: 10/12
  2307 | D:3      | Learned a level 4 spell: Iskenderun's Mystic Blast
  2738 | D:3      | Reached skill level 1 in Translocations
  3092 | D:3      | Found a burning altar of Makhleb.
  3098 | D:3      | Found a shadowy altar of Dithmenos.
  3102 | D:3      | Found a shimmering blue altar of Sif Muna.
  3233 | D:4      | Noticed a phantom
  3366 | D:4      | Learned a level 4 spell: Dispel Undead
  3373 | D:4      | Killed a phantom
  3374 | D:4      | Reached XP level 5. HP: 28/28 MP: 8/14
  3415 | D:4      | Noticed Pargi
  3419 | D:5      | Entered Level 5 of the Dungeon
  3427 | D:5      | Noticed Eustachio
  3443 | D:5      | Killed Eustachio
  3444 | D:5      | Reached XP level 6. HP: 23/32 MP: 7/15
  3928 | D:5      | Reached skill level 5 in Translocations
  4294 | D:5      | Found a staircase to the Ecumenical Temple.
  4310 | D:5      | Noticed Grinder
  4322 | D:5      | Killed by miscasting Iskenderun's Mystic Blast

Illustrated notes

Levels and vault maps discovered:
D:1:      shiori_arrival_whats_in_store_for_you, layout_rooms,
          hellmonk_ecumenical_altar_crossroads, grunt_decor_junction
D:2:      layout_loops_corners, basic_altar
D:3:      layout_basic, minmay_overflow_temple_star_quad,
          dreamdust_mushroom_princess
D:4:      layout_cave_pools, item_on_display_a, uniq_pargi
D:5:      layout_cave_pools, minmay_temple_entry_grid, ebering_ghost_sewer_d,
          uniq_duvessa, uniq_grinder, uniq_eustachio

Skill      XL: |  1  2  3  4  5  6 |
---------------+-------------------+-----
Spellcasting   | 4 |  4.6
Conjurations   | 5 |  5.3
Translocations | 3 4 5 |  5.0
Necromancy     | 2 3 |  3.3
Dodging        | |  2.4
Stealth        | |  2.4

Action                     |  1- 3 |  4- 6 || total
---------------------------+-------+-------++-------
  Melee: Hand axe          |     1 |     2 ||     3
   Cast: Magic Dart        |    71 |    58 ||   129
         Searing Ray       |       |     6 ||     6
         Iskenderun's Myst |       |     6 ||     6
  Evoke: Wand              |       |     3 ||     3
    Use: Scroll            |       |     7 ||     7
         Potion            |       |     2 ||     2
   Stab: Sleeping          |     1 |       ||     1
         Paralysed         |       |     2 ||     2
 Armour: Robe              |     4 |     4 ||     8
  Dodge: Dodged            |    10 |     7 ||    17

Table legend: (Time is in decaauts)
 A = Elapsed time spent in this place.
 B = Non-inter-level travel time spent in this place.
 C = Inter-level travel time spent in this place.
 D = Time resting spent in this place.
 E = Time spent auto-exploring this place.
 F = Levels seen in this place.
 G = Mean time per level.
                   A        B        C        D        E       F      G
               +--------+--------+--------+--------+--------+-----+--------+
         Total |   4320 |   4218 |    102 |   1280 |   2573 |   5 |  864.0 |
       Dungeon |   4320 |   4218 |    102 |   1280 |   2573 |   5 |  864.0 |
               +--------+--------+--------+--------+--------+-----+--------+

Top non-repeatable levels by time:
     D:2: 1134 daAuts
     D:1: 1119 daAuts
     D:3: 916 daAuts
     D:5: 903 daAuts
     D:4: 247 daAuts
